 Dungeon Crawl Stone Soup version 0.30.0 (webtiles) character file.

Game seed: 7586339506798994359

1615639 Draconius the Slayer (level 27, 189/189 HPs)
             Began as a Gargoyle Conjurer on Oct 10, 2023.
             Was the Champion of Vehumet.
             Escaped with the Orb
             ... and 3 runes on Oct 12, 2023!
             The game lasted 05:00:29 (82164 turns).

Draconius the Slayer (Gargoyle Conjurer)           Turns: 82164, Time: 05:00:30

Health: 189/189    AC: 35    Str:  6    XL:     27
Magic:  38/49      EV: 13    Int: 34    God:    Vehumet [******]
Gold:   6165       SH:  9    Dex: 12    Spells: 4/70 levels left

rFire   + + .        q - staff of fire "Mola" {rF+ rC+ rN+ Will+ Str-5}
rCold   + . .        G - sphere of Battle
rNeg    + + .        P - +2 robe {rC+ rF+}
rPois   ∞            u - +0 mask of the Dragon {Will+ Slay+3 SInv}
rElec   +            z - +2 cloak {Will+}
rCorr   +            i - +2 pair of gloves
SInv    +            L - +2 pair of boots
Will    +++++        C - amulet of reflection
Stlth   +            f - ring of Teafrus {Will++ rCorr Int+3}
HPRegen 0.51/turn    a - ring of wizardry
MPRegen 0.31/turn

%: reflection, wizardry (x1)
@: flying, studying 3 skills
A: sickness immunity, AC +20, big wings, negative energy resistance 1,
electricity resistance, torment resistance 1, petrification resistance, antennae
1, large bone plates 1, agile 1, cold vulnerability 1
0: Orb of Zot
}: 3/15 runes: barnacled, silver, gossamer
a: Renounce Religion


You escaped.
You worshipped Vehumet.
Vehumet was exalted by your worship.
You visited 9 branches of the dungeon, and saw 45 of its levels.
You visited 1 ziggurat, and saw 17 of its levels.
You also visited: Trove, Sewer, Bailey, Gauntlet and Ice Cave.

You collected 10833 gold pieces.
You spent 4668 gold pieces at shops.

Inventory:

Armour
 i - a +2 pair of gloves (worn)
 u - the +0 mask of the Dragon (worn) {Will+ Slay+3 SInv}
   (You found it on level 4 of the Spider Nest)

   Slay:      It affects your accuracy & damage with ranged weapons and melee
   (+3).
   SInv:      It lets you see invisible.
   Will:      It increases your willpower.
 z - a +2 cloak of willpower (worn)
 B - a +0 hat of intelligence
 G - the sphere of Battle (worn)
   (You found it on level 4 of a ziggurat)

   It enhances your destructive magic.
   It weakens your non-destructive magic.
   It summons a battlesphere in combat, with strength depending on Conjurations
   skill.
 K - a +0 buckler of fire resistance
 L - a +2 pair of boots (worn)
 P - a +2 robe of resistance (worn)
Magical Staves
 k - a staff of fire
 q - the staff of fire "Mola" (weapon) {rF+ rC+ rN+ Will+ Str-5}
   (You found it on level 8 of a ziggurat)

   [staff of fire]

   Base accuracy: +5 Base damage: 5 Base attack delay: 1.2 This weapon's minimum
   attack delay (0.6) is reached at skill level 12.
   Str:       It affects your strength (-5).
   rF:        It protects you from fire.
   rC:        It protects you from cold.
   rN:        It protects you from negative energy.
   Will:      It increases your willpower.
   It falls into the 'Staves' category.
   It is a one-handed weapon.
Jewellery
 a - a ring of wizardry (right hand)
 e - the ring "Igesom" {Ice +Blink Will++ Str+2}
   (You took it off Josephina on level 2 of the Depths)

   [ring of ice]

   It enhances your ice magic.
   Str:       It affects your strength (+2).
   rF:        It makes you vulnerable to fire.
   rC:        It protects you from cold.
   +Blink:    It lets you blink.
   Will:      It greatly increases your willpower.
 f - the ring of Teafrus (left hand) {Will++ rCorr Int+3}
   (You took it off a fire giant on level 5 of the Vaults)

   [ring of resist corrosion]

   Int:       It affects your intelligence (+3).
   rCorr:     It protects you from acid and corrosion.
   Will:      It greatly increases your willpower.
 j - a +6 ring of intelligence
 y - a +6 ring of intelligence
 C - an amulet of reflection (around neck)
 J - a ring of magical power
 Y - a ring of fire
Wands
 c - a wand of acid (30)
 n - a wand of digging (23)
 R - a wand of mindburst (49)
 S - a wand of roots (53)
 U - a wand of flame (90)
Scrolls
 d - 13 scrolls of fog
 h - 13 scrolls of magic mapping
 m - 4 scrolls of amnesia
 r - 7 scrolls of blinking
 s - 18 scrolls of teleportation
 x - 2 scrolls of silence
 E - 4 scrolls of brand weapon
 H - 8 scrolls of fear
 I - 10 scrolls of immolation
 M - 13 scrolls of poison
 N - 2 scrolls of enchant armour
 O - a scroll of butterflies
 Q - 10 scrolls of enchant weapon
 V - 25 scrolls of identify
Potions
 b - 7 potions of magic
 g - 4 potions of haste
 l - 7 potions of heal wounds
 p - 13 potions of curing
 t - 3 potions of ambrosia
 v - 13 potions of mutation
 w - 5 potions of might
 D - 7 potions of invisibility
 F - 8 potions of cancellation
 W - 2 potions of resistance
 Z - 6 potions of brilliance
Miscellaneous
 o - a box of beasts
 A - a condenser vane
 T - a phantom mirror
 X - a lightning rod (4/4)


   Skills:
 + Level 23.7 Fighting
 - Level 8.0 Armour
 - Level 5.0 Dodging
 - Level 2.1 Stealth
 - Level 15.0 Shields
 + Level 22.1 Spellcasting
 - Level 20.0 Conjurations
 - Level 4.0 Hexes
 - Level 5.0 Summonings
 - Level 4.0 Translocations
 - Level 21.0 Fire Magic
 - Level 11.5 Ice Magic
 - Level 12.0 Air Magic
 - Level 22.0 Earth Magic
 - Level 15.0 Evocations


You had 4 spell levels left.
You knew the following spells:

 Your Spells              Type           Power      Damage    Failure   Level
a - Shatter               Erth           68%        3d50*     1%          9
b - Fireball              Conj/Fire      79%        3d29      0%          5
c - Fire Storm            Conj/Fire      79%        8d20      2%          9
d - Iskenderun's Mystic   Conj/Tloc      100%       2d19      1%          4
e - Maxwell's Capacitive  Air            54%        ∞         4%          8
f - Lehudib's Crystal Sp  Conj/Erth      67%        10d15     1%          8
g - Swiftness             Air            56%        N/A       0%          3
h - Iskenderun's Battles  Conj           100%       2d15      0%          5
i - Ignition              Fire           79%        3d21      1%          8
j - Spellforged Servitor  Conj/Summ      55%        N/A       1%          7

Your spell library contained the following spells:

 Spells                   Type           Power      Damage    Failure   Level
 Freeze                   Ice            100%       1d10      0%          1
 Kiss of Death            Conj/Necr      100%       2d13      0%          1
 Magic Dart               Conj           100%       1d8       0%          1
 Sandblast                Erth           100%       2d20      0%          1
 Shock                    Conj/Air       100%       1d9       0%          1
 Passwall                 Tmut/Erth      45%        N/A       0%          2
 Scorch                   Fire           100%       2d9       0%          2
 Searing Ray              Conj           100%       2d8       0%          2
 Static Discharge         Conj/Air       100%       2-7/arc   0%          2
 Dazzling Flash           Conj/Hex       100%       N/A       0%          3
 Frozen Ramparts          Ice            100%       1d16      0%          3
 Hailstorm                Conj/Ice       100%       3d20      0%          3
 Inner Flame              Hex/Fire       100%       N/A       0%          3
 Ozocubu's Armour         Ice            55%        N/A       0%          3
 Stone Arrow              Conj/Erth      100%       3d13      0%          3
 Volatile Blastmotes      Fire/Tloc      100%       2d18      0%          3
 Flame Wave               Conj/Fire      100%       2d21      0%          4
 Sticky Flame             Conj/Fire      100%       2d11      0%          4
 Apportation              Tloc           64%        N/A       1%          1
 Necrotise                Necr           72%        1d7       1%          1
 Summon Small Mammal      Summ           100%       N/A       1%          1
 Call Imp                 Summ           70%        N/A       1%          2
 Ensorcelled Hibernation  Hex/Ice        90%        N/A       1%          2
 Call Canine Familiar     Summ           35%        N/A       1%          3
 Confusing Touch          Hex            32%        N/A       1%          3
 Ignite Poison            Fire/Tmut/Pois 100%       N/A       1%          3
 Mephitic Cloud           Conj/Pois/Air  100%       N/A       1%          3
 Summon Guardian Golem    Hex/Summ       34%        N/A       1%          3
 Vhi's Electric Charge    Tloc/Air       90%        N/A       1%          3
 Airstrike                Air            54%        2d(8-24)  1%          4
 Anguish                  Hex/Necr       12%        N/A       1%          4
 Animate Armour           Summ/Erth      100%       N/A       1%          4
 Cause Fear               Hex            16%        N/A       1%          4
 Fulminant Prism          Conj/Hex       54%        3d23      1%          4
 Ice Form                 Ice/Tmut       38%        N/A       1%          4
 Olgreb's Toxic Radiance  Pois           54%        N/A       1%          4
 Passage of Golubria      Tloc           32%        N/A       1%          4
 Summon Ice Beast         Ice/Summ       46%        N/A       1%          4
 Summon Lightning Spire   Summ/Air       47%        N/A       1%          4
 Dispel Undead            Necr           18%        3d11      3%          4
 Iron Shot                Conj/Erth      67%        9d12      0%          6
 Arcjolt                  Conj/Air       60%        1d70      1%          5
 Metabolic Englaciation   Hex/Ice        22%        N/A       1%          5
 Silence                  Hex/Air        22%        N/A       1%          5
 Yara's Violent Unravell  Hex/Tmut       33%        3d14      1%          5
 Plasma Beam              Fire/Air       73%        2x1d99    1%          6
 Starburst                Conj/Fire      79%        6d20      1%          6
 Orb of Destruction       Conj           65%        9d15      1%          7
 Simulacrum               Ice/Necr       19%        N/A       4%          6
 Summon Cactus Giant      Summ           17%        N/A       6%          6
 Agony                    Necr           18%        N/A       9%          5
 Alistair's Intoxication  Tmut/Pois      12%        N/A       9%          5
 Blade Hands              Tmut           9%         N/A       9%          5
 Chain Lightning          Conj/Air       60%        3d80      12%         9
 Enfeeble                 Hex            16%        N/A       43%         7
 Polar Vortex             Ice            54%        N/A       52%         9
 Haunt                    Necr/Summ      13%        N/A       65%         7
 Dragon Form              Tmut           9%         N/A       92%         7
 Discord                  Hex            16%        N/A       98%         8
 Borgnjor's Revivificati  Necr           9%         N/A       100%        8
 Necromutation            Tmut/Necr      9%         N/A       100%        8
 Death's Door             Necr           9%         N/A       100%        9
 Dragon's Call            Summ           17%        N/A       100%        9


Dungeon Overview and Level Annotations

Branches:
Dungeon (15/15)            Temple (1/1) D:4            Lair (5/5) D:11
 Shoals (4/4) Lair:2       Spider (4/4) Lair:2        Slime (0/5) Lair:5
    Orc (2/2) D:10            Elf (0/3) Orc:2        Vaults (5/5) D:14
  Crypt (0/3) Vaults:2     Depths (4/4) D:15            Zot (5/5) Depths:4
  Sewer (visited)          Bailey (visited)           IceCv (visited)
Gauntlet (visited)

Altars:
Ashenzari
Cheibriados
Dithmenos
Elyvilon
Fedhas
Gozag
Hepliaklqana
Kikubaaqudgha
Makhleb
Nemelex Xobeh
Okawaru
Qazlal
Ru
Sif Muna
Trog
Uskayaw
Vehumet
Wu Jian
Xom
Yredelemnul
Zin
The Shining One
Jiyva

Shops:
D:12 *!   Orc:1 *:([   Orc:2 =:*[*   Shoals:2 *   Shoals:4 !   Vaults:1 *
Vaults:4 =   Vaults:5 ?

Portals:
Hell: Depths:1 Depths:2 Depths:3 Depths:4
Abyss: Depths:1 Depths:3
Pandemonium: Orc:2 Depths:2 Depths:4

Annotations:
Zot:1 5 transporters


Innate Abilities, Weirdness & Mutations

You are immune to sickness and miasma.
Your stone body is resilient. (AC +20)
You are immune to poison.
Your large and strong wings let you fly.
You resist negative energy. (rN+)
You are resistant to electric shocks. (rElec)
You are resistant to unholy torment.
You are immune to petrification.
You have a pair of small antennae on your head.
You are partially covered in large bone plates. (SH +4)
You are agile. (Dex +4, Str/Int -1)
You are vulnerable to cold. (rC-)


Message History

You feel a surge of power!
You summon a servant imbued with your destructive magic!
You swap places.
The balrug hits your spellforged servitor with a +0 demon whip of flaming.
Your spellforged servitor is engulfed in flames.
Your spellforged servitor resists.
The balrug gestures at you.
The fireball explodes!
The fireball engulfs your spellforged servitor.
Your spellforged servitor resists.
The fireball engulfs the balrug.
The balrug completely resists.
Your spellforged servitor gestures at the balrug while chanting.
The crystal spear hits the balrug!!!
The balrug dies!
Vehumet accepts your kill.
Casting: Spellforged Servitor (mildly dangerous; 1% risk of failure)
Confirm with . or Enter, or press ? or * to list all spells.
Aiming: Fire Storm (dangerous; 2% risk of failure)
Press: ? - help, Dir - move target, p - sun demon
Okay, then.
Your spellforged servitor gestures at the sun demon while chanting.
The crystal spear hits the sun demon!!!
The sun demon dies!
Vehumet accepts your kill.
Casting: Fire Storm (dangerous; 2% risk of failure)
Confirm with . or Enter, or press ? or * to list all spells.
You feel a surge of power!
You erupt in a blast of force!
The mystic blast hits the sun demon!
You kill the sun demon!
Vehumet accepts your kill.
Aiming: Dig
Press: ? - help, Shift-Dir - straight line A rock wall.
This square is covered in magical glow.
The rock shatters into small pieces.
There is a stone staircase leading down here.
There is a staircase leading out of the dungeon here.
You can't go down here!
Unknown command.
You have escaped!

####### #.....# ####.###.# #....#
#.# ##....###.###################
#....)................9......
#.....##########.9###########
#.#......# ###..### ##
#.##########@*############ #.
#####.#......................# #.
...)..#.##..##......##..##...# #J
#...#.#......................# #.
#..>..#.######......######...# #.
#.....#......................# #.
####..#.####################.###.
................# #..............
#####.####.####.# #.##.......####


You could see a friendly spellforged servitor (summoned) and a friendly
battlesphere.

Vanquished Creatures
  3 dread liches
  10 orbs of fire
  Mara (Vaults:2)
  3 ancient liches
  9 royal mummies
  3 juggernauts (Zig:10)
  Boris (Depths:4)
  2 Killer Klowns (Zot:5)
  A curse toe (Zot:4)
  11 golden dragons
  3 electric golems
  11 tentacled monstrosities
  A lich (Depths:1)
  15 Orb Guardians
  A deep elf master archer (Zig:11)
  2 acid blobs (Zig:7)
  A deep elf blademaster (Zig:11)
  5 quicksilver dragons
  6 titans
  Polyphemus (Shoals:3)
  7 sphinxes
  An Executioner (Zot:5)
  2 krakens (Shoals:3)
  An ancient champion (Zig:8)
  8 death cobs
  16 storm dragons
  A storm dragon (shapeshifter) (Vaults:5)
  A revenant (Zig:8)
  12 fire giants
  A daeva (Depths:3)
  6 tengu reavers
  A fenstrider witch (Zig:6)
  6 nagarajas (Zig:12)
  3 draconian knights
  2 azure jellies (Zig:7)
  12 shadow dragons
  5 draconian monks
  9 vault wardens
  6 balrugs (Zig:16)
  Louise (Depths:3)
  5 draconian scorchers
  6 emperor scorpions
  2 caustic shrike zombies
  10 frost giants
  Aizul (Vaults:4)
  A ghoul (Zig:8)
  3 draconian stormcallers
  An orc warlord (Vaults:2)
  24 ironbound preservers
  11 ghost moths
  5 cacodemons
  7 draconian shifters
  18 very ugly things
  2 draconian annihilators
  2 broodmothers
  4 ironbound thunderhulks
  14 stone giants
  A war gargoyle (Vaults:5)
  An eleionoma (shapeshifter) (Vaults:5)
  An eleionoma (Zig:13)
  7 green draconians
  10 yellow draconians
  4 deep elf demonologists
  4 vampire knights
  16 white draconians
  Azrael (D:13)
  6 bennus
  8 purple draconians
  4 black draconians
  11 dire elephants
  5 red draconians
  2 deep elf annihilators (Vaults:5)
  A starcursed mass (Zig:3)
  4 spark wasps
  A minotaur (Gauntlet)
  2 bunyips (Zig:13)
  Snorg (Orc:1)
  11 ettins
  A deep elf death mage (Zig:8)
  A green death (Zig:13)
  9 merfolk impalers
  3 entropy weavers
  A crystal guardian (Vaults:4)
  10 mummy priests
  2 deep elf high priests
  7 fire dragons
  6 jiangshi
  4 great orbs of eyes
  A shambling mangrove (Zig:13)
  12 ice dragons
  A quicksilver dragon zombie (Zig:15)
  15 yaktaur captains
  2 demonspawn (Orc:2)
  2 spriggan air magi
  30 vault guards
  A rakshasa (Depths:2)
  A radroach (Spider:4)
  2 peacekeepers
  4 catoblepae
  3 salamander tyrants (Zig:12)
  Erica (D:8)
  9 two-headed ogres
  A ghost crab (Gauntlet)
  10 hydras
  13 boulder beetles
  6 ogre magi
  2 dancing weapons (Zig:11)
  16 ironbound frosthearts
  7 merfolk avatars
  2 anacondas (Zig:12)
  7 merfolk aquamancers
  5 satyrs
  3 alligator snapping turtles (Shoals:4)
  5 vampire magi
  An alligator (Zig:6)
  A naga warrior (Zig:12)
  16 centaur warriors
  3 tengu warriors
  A spriggan berserker (Depths:1)
  5 death scarabs
  4 deep troll shamans
  5 deep troll earth magi
  8 death yaks
  10 orc high priests
  A shock serpent (Zig:12)
  3 naga sharpshooters
  Urug (D:13)
  2 deep elf knights (Zig:11)
  6 hell knights
  2 sun demons
  A salamander mystic (Depths:4)
  4 fire crabs (Zig:16)
  3 sun moths
  5 skysharks
  A storm dragon skeleton (Zig:15)
  A wretched star (Gauntlet)
  A goliath frog (shapeshifter) (Vaults:5)
  7 iron trolls
  A sixfirhy (D:9)
  7 pharaoh ants
  82 deep trolls
  2 shadow wraiths
  2 naga ritualists (Zig:12)
  15 sea snakes
  4 death drakes (Zig:13)
  A bog body (Zig:13)
  A flayed ghost (Depths:2)
  7 glowing orange brains
  A golden dragon zombie (Zig:17)
  A quicksilver dragon simulacrum (Depths:2)
  11 orb spiders
  A tengu zombie (Vaults:4)
  8 lindwurms (Vaults:1)
  2 spriggan druids (Zig:13)
  5 swamp dragons
  15 ironbound convokers
  An orange crystal statue (IceCv)
  6 wizards
  6 phantasmal warriors
  6 steelbarb worms
  3 deep elf archers (Zig:11)
  A lindwurm (shapeshifter) (Zig:1)
  7 deep elf pyromancers
  A wolf spider zombie (D:11)
  8 harpies
  10 deep elf zephyrmancers
  A mana viper (Zig:12)
  A mana viper (shapeshifter) (Zig:14)
  7 necromancers
  10 orc knights
  2 shining eyes
  An oklob plant (Lair:1)
  34 ugly things
  5 orc sorcerers
  12 fauns
  4 will-o-the-wisps
  A tengu skeleton (Vaults:4)
  21 wolf spiders
  7 cyclopes
  A salamander (Depths:4)
  4 elephants (Lair:5)
  2 iron dragon skeletons (Depths:1)
  An elf zombie (Vaults:1)
  15 manticores
  21 slime creatures
  2 fire giant skeletons
  12 merfolk sirens
  17 moths of wrath
  2 demonic crawlers
  A guardian serpent (Lair:5)
  A stone giant skeleton (Vaults:4)
  Maurice (D:12)
  4 water nymphs
  A water nymph (shapeshifter) (Zig:4)
  11 black mambas
  2 smoke demons
  2 gargoyles
  13 cane toads
  An orange demon (D:9)
  14 vault sentinels
  An elephant (shapeshifter) (Zig:14)
  An eye of devastation (Zig:7)
  An eye of devastation (shapeshifter) (Vaults:5)
  3 centaur skeletons (D:11)
  2 naga magi (Zig:12)
  A storm dragon simulacrum (Zig:17)
  4 torpor snails
  4 kobold demonologists
  3 tengu conjurers
  2 freezing wraiths
  26 yaktaurs
  10 rime drakes
  3 ice devils
  A hellion (Depths:4)
  5 efreet
  7 komodo dragons
  A spark wasp simulacrum (Depths:2)
  2 red devils
  A tormentor (Zig:3)
  8 trolls
  4 hellwings
  23 guardian mummies
  10 wind drakes
  2 ancient zymes (Zig:3)
  12 polar bears
  4 meliai
  18 tarantellas
  33 merfolk
  A tyrant leech (Zig:6)
  8 blink frogs (Lair:2)
  6 hornets
  7 snapping turtles
  4 dream sheep (Shoals:3)
  A meliai zombie (D:11)
  2 frost giant simulacra (Depths:2)
  15 jumping spiders
  2 centaur simulacra
  A fire giant simulacrum (Depths:1)
  2 air elementals (Zig:11)
  6 flying skulls
  A wyvern (shapeshifter) (D:14)
  4 shadows
  18 water elementals
  22 culicivoras
  2 spriggans (Depths:1)
  13 wyverns
  9 fire elementals
  4 golden eyes
  5 ushabtiu
  44 yaks
  A vampire (D:14)
  6 wraiths
  3 basilisks
  A neqoxec (Gauntlet)
  Eustachio (D:4)
  34 redbacks
  Grum (D:10)
  A chaos spawn (Depths:2)
  2 steam dragons (D:9)
  4 wargs
  A glowing shapeshifter zombie (Vaults:1)
  2 small abominations (Gauntlet)
  A naga (Zig:12)
  20 water moccasins
  3 acid dragons
  A floating eye (Gauntlet)
  38 orc warriors
  13 hell hounds
  A glowing shapeshifter skeleton (Vaults:1)
  4 ice beasts
  7 black bears
  2 sky beasts (D:8)
  3 ettin simulacra (Depths:3)
  18 ogres
  9 wolves
  11 boggarts
  12 centaurs
  3 phantoms
  9 kobold brigands
  2 gnoll sergeants (D:9)
  15 bullfrogs
  7 scorpions
  6 wights
  2 troll zombies (D:10)
  14 killer bees
  4 howler monkeys (D:9)
  An electric eel (Spider:1)
  A crimson imp (Zot:5)
  10 hounds
  A jelly (D:6)
  27 orc priests
  2 gnoll boudas
  7 iguanas
  Jessica (D:2)
  19 orc wizards
  A sleepcap (D:5)
  4 hell rats (Lair:2)
  4 ogre zombies (D:10)
  28 mummies
  12 adders
  18 gnolls
  A river rat (Sewer)
  4 shadow imps (D:11)
  A white imp (D:3)
  An ufetubus (D:5)
  4 worms
  A dart slug (D:3)
  76 orcs
  3 ball pythons
  3 bats
  5 endoplasms
  3 giant cockroaches
  8 hobgoblins
  2 jackals (D:1)
  32 kobolds
  5 quokkas
  11 frilled lizards
  10 goblins
  2 goblin skeletons (D:10)
  A goblin zombie (D:10)
  2 hobgoblin skeletons (D:10)
  3 hobgoblin zombies (D:10)
  3 orc skeletons (D:10)
  18 orc zombies
  10 rats
  A fire vortex (Zig:15)
  5 tentacles (Shoals:3)
2136 creatures vanquished.

Vanquished Creatures (collateral kills)
  An orb of fire (Zot:5)
  A royal mummy (Zig:15)
  Josephina (Depths:2)
  A curse toe (Zot:5)
  7 golden dragons
  5 tentacled monstrosities
  12 Orb Guardians (Zot:5)
  3 quicksilver dragons
  An ancient champion (Vaults:2)
  2 titans (Vaults:5)
  2 tengu reavers
  3 shadow dragons
  A nagaraja (Zig:12)
  6 storm dragons
  3 fire giants
  3 frost giants
  A draconian scorcher (Zot:5)
  A balrug (D:1)
  A draconian shifter (Zot:4)
  A stone giant (Depths:4)
  A war gargoyle (Vaults:5)
  2 ironbound preservers (Vaults:5)
  A draconian annihilator (Zot:2)
  A green draconian (Depths:4)
  An ironbound thunderhulk (Vaults:3)
  4 black draconians
  2 spark wasps (Depths:4)
  4 yellow draconians
  3 purple draconians
  3 red draconians
  A deep elf death mage (Vaults:5)
  2 ettins
  3 yaktaur captains (Vaults:5)
  7 fire dragons
  A hell beast (Depths:2)
  2 deep elf high priests (Vaults:5)
  An ice dragon (Depths:4)
  An ironbound frostheart (Vaults:3)
  A deep troll shaman (Depths:3)
  A death scarab (Zig:17)
  An orc high priest (Orc:2)
  4 hell hogs
  5 hell knights
  2 sun demons
  2 deep trolls
  2 phantasmal warriors (Vaults:5)
  A necromancer (Depths:4)
  A wolf spider (shapeshifter) (Zig:14)
  An ugly thing (Depths:1)
  A salamander (Depths:4)
  A vault sentinel (Vaults:3)
  2 rust devils (Depths:2)
  A moth of wrath (Zot:1)
  A yaktaur (Vaults:5)
  A freezing wraith (Vaults:5)
  A guardian mummy (Zig:17)
  A water elemental (Zig:11)
  A flying skull (Zig:17)
  A chaos spawn (Depths:2)
  A floating eye (Depths:2)
  An ogre (Zig:10)
  6 mummies
  2 orcs (Vaults:5)
138 creatures vanquished.

Vanquished Creatures (others)
  A black draconian (Zot:5)
  A deep troll (Depths:3)
  375 fire vortices
  2 foxfires (Zig:13)
  41 fulminant prisms
  70 fungi
  208 plants
  3 tentacles (Shoals:3)
  3 toadstools (D:3)
  6 withered plants
710 creatures vanquished.

Grand Total: 2984 creatures vanquished

Notes
Turn   | Place    | Note
-------+----------+-------------------------------------------
     0 | D:1      | Draconius the Gargoyle Conjurer began the quest for the
                  | Orb.
     0 | D:1      | Reached XP level 1. HP: 10/10 MP: 3/3
   289 | D:1      | Reached XP level 2. HP: 15/15 MP: 1/5
   407 | D:1      | Learned a level 2 spell: Searing Ray
   734 | D:1      | Reached skill level 5 in Conjurations
  1058 | D:2      | Reached XP level 3. HP: 20/20 MP: 0/6
  1168 | D:2      | Found a faded altar of an unknown god.
  1478 | D:2      | Noticed Jessica
  1484 | D:2      | Killed Jessica
  1485 | D:2      | Reached skill level 1 in Fighting
  1485 | D:2      | Reached XP level 4. HP: 25/25 MP: 3/8
  1646 | D:2      | Reached skill level 1 in Hexes
  1698 | D:2      | Learned a level 4 spell: Fulminant Prism
  1980 | D:3      | You fall into a shaft and drop 1 floor!
  2036 | D:4      | Found a staircase to the Ecumenical Temple.
  2072 | Temple   | Entered the Ecumenical Temple
  2168 | Temple   | Became a worshipper of the Shining One
  2267 | D:3      | Found a stormy altar of Qazlal.
  2282 | D:3      | Reached XP level 5. HP: 29/29 MP: 6/9
  2390 | D:3      | Reached skill level 1 in Translocations
  2489 | D:3      | Found a shadowy altar of Dithmenos.
  3472 | D:4      | Noticed Eustachio
  3484 | D:4      | Killed Eustachio
  3485 | D:4      | Reached skill level 2 in Fighting
  3485 | D:4      | Reached XP level 6. HP: 27/35 MP: 0/10
  3571 | D:4      | Learned a level 4 spell: Iskenderun's Mystic Blast
  3841 | D:4      | Reached XP level 7. HP: 24/40 MP: 1/11
  4810 | D:5      | Entered Level 5 of the Dungeon
  5161 | D:5      | Reached skill level 3 in Fighting
  5161 | D:5      | Reached XP level 8. HP: 46/46 MP: 7/13
  5276 | D:5      | Found a shimmering altar of Xom.
  5515 | D:5      | Found a radiant altar of Vehumet.
  5520 | D:5      | Fell from the grace of the Shining One
  5520 | D:5      | Became a worshipper of Vehumet
  6005 | D:6      | Found a glowing drain.
  6030 | Sewer    | Entered a sewer
  6244 | Sewer    | Reached * piety under Vehumet
  6244 | Sewer    | Offered knowledge of Shock by Vehumet.
  6508 | D:6      | Reached skill level 4 in Fighting
  6832 | D:6      | Reached XP level 9. HP: 52/52 MP: 10/15
  7902 | D:7      | Got the Directory of Calefaction and the Jinx
  7911 | D:7      | Reached skill level 5 in Fighting
  7924 | D:7      | Reached ** piety under Vehumet
  7924 | D:7      | Offered knowledge of Static Discharge by Vehumet.
  7932 | D:7      | Reached skill level 5 in Spellcasting
  7969 | D:7      | Found a flagged portal.
  7978 | Bailey   | Entered a bailey
  8216 | Bailey   | Noticed a gargoyle
  8225 | Bailey   | Killed a gargoyle
  8226 | Bailey   | Reached skill level 1 in Armour
  8773 | D:7      | Noticed a troll
  8780 | D:7      | Killed a troll
  8781 | D:7      | Reached skill level 10 in Conjurations
  9433 | D:8      | Reached skill level 6 in Fighting
  9433 | D:8      | Reached XP level 10. HP: 60/60 MP: 5/18
  9549 | D:8      | Offered knowledge of Momentum Strike by Vehumet.
  9579 | D:8      | Found a broken altar of Ashenzari.
  9666 | D:8      | Reached skill level 1 in Fire Magic
  9671 | D:8      | Reached *** piety under Vehumet
 10036 | D:8      | Noticed Erica
 10042 | D:8      | Killed Erica
 10053 | D:8      | Learned a level 6 spell: Starburst
 10445 | D:9      | Reached skill level 7 in Fighting
 10578 | D:9      | Offered knowledge of Sticky Flame by Vehumet.
 11207 | D:9      | Reached XP level 11. HP: 67/67 MP: 10/21
 11599 | D:9      | Found a hazy altar of Hepliaklqana.
 12075 | D:9      | Reached skill level 5 in Fire Magic
 12075 | D:9      | Reached **** piety under Vehumet
 12098 | D:9      | Offered knowledge of Mephitic Cloud by Vehumet.
 12255 | D:9      | Learned a level 3 spell: Mephitic Cloud
 12260 | D:10     | Entered Level 10 of the Dungeon
 12260 | D:10     | Found an opulent altar of Gozag.
 12371 | D:10     | Got the Discourse on Morbid Earth
 12451 | D:10     | Noticed a two-headed ogre
 12460 | D:10     | Killed a two-headed ogre
 12461 | D:10     | Reached skill level 1 in Evocations
 12468 | D:10     | Found a staircase to the Orcish Mines.
 12478 | D:10     | Reached skill level 1 in Shields
 12478 | D:10     | Reached skill level 1 in Earth Magic
 12630 | D:10     | Noticed a brown ugly thing
 12653 | D:10     | Killed a brown ugly thing
 12822 | D:10     | Found a shimmering blue altar of Sif Muna.
 12915 | D:10     | Noticed Grum
 12922 | D:10     | Killed Grum
 12981 | D:10     | Noticed an ogre mage
 12981 | D:10     | Noticed a cyclops
 12981 | D:10     | Noticed a centaur warrior
 12981 | D:10     | Noticed a seven-headed hydra
 12982 | D:10     | Noticed an ogre mage
 13028 | D:10     | Reached ***** piety under Vehumet
 13029 | D:10     | Reached skill level 8 in Fighting
 13203 | D:10     | Offered knowledge of Fireball by Vehumet.
 13272 | D:10     | Noticed an orc knight
 13506 | D:10     | Identified the +9 rapier of Harmony {elec, Drain Will+
                  | Str+2 Stlth+}
 13892 | D:10     | Learned a level 5 spell: Fireball
 13933 | D:11     | Noticed a boulder beetle
 14351 | D:11     | Reached XP level 12. HP: 64/73 MP: 6/24
 14593 | D:11     | Found a staircase to the Lair.
 14637 | D:11     | Killed a boulder beetle
 15180 | D:11     | Identified the +3 scale mail of the Distant Future {rC+
                  | rN+}
 15634 | Lair:1   | Entered Level 1 of the Lair of Beasts
 16085 | Lair:1   | Found a gate leading to a gauntlet.
 16095 | Gauntlet | Entered a Gauntlet
 16095 | Gauntlet | Found a transporter.
 16095 | Gauntlet | Found a transporter.
 16095 | Gauntlet | Found a runed translucent door.
 16101 | Gauntlet | Found a transporter.
 16113 | Gauntlet | Found a transporter.
 16132 | Gauntlet | Found a transporter.
 16132 | Gauntlet | Found a transporter.
 16134 | Gauntlet | Found a transporter.
 16134 | Gauntlet | Found a transporter.
 16134 | Gauntlet | Noticed a wretched star
 16136 | Gauntlet | Found a transporter.
 16146 | Gauntlet | Found a transporter.
 16146 | Gauntlet | Noticed a ghost crab
 16161 | Gauntlet | Found a runed translucent gate.
 16162 | Gauntlet | Found a transporter.
 16162 | Gauntlet | Found a runed translucent gate.
 16163 | Gauntlet | Found a runed translucent gate.
 16172 | Gauntlet | Found a transporter.
 16187 | Gauntlet | Found a transporter.
 16212 | Gauntlet | Found a transporter.
 16222 | Gauntlet | Found a runed translucent door.
 16281 | Gauntlet | Gained mutation: You have hidden genetic defects. [a
                  | shining eye]
 16284 | Gauntlet | Reached skill level 5 in Earth Magic
 16288 | Gauntlet | Identified the staff of poison "Elaof" {rPois Str+3}
 16305 | Gauntlet | Gained mutation: You are dopey. (Int -2) [a neqoxec]
 16322 | Gauntlet | Killed a wretched star
 16585 | Gauntlet | Killed a ghost crab
 16586 | Gauntlet | Reached skill level 9 in Fighting
 16629 | Gauntlet | Noticed a minotaur
 16639 | Gauntlet | Killed a minotaur
 16658 | Gauntlet | Gained mutation: You occasionally shout uncontrollably at
                  | your foes. [hidden defects]
 16807 | Lair:1   | Lost mutation: You occasionally shout uncontrollably at
                  | your foes. [potion of mutation]
 16807 | Lair:1   | Lost mutation: You are dopey. (Int -2) [potion of mutation]
 16807 | Lair:1   | Lost mutation: You have hidden genetic defects. [potion of
                  | mutation]
 16807 | Lair:1   | Gained mutation: You are clumsy. (Dex -2) [potion of
                  | mutation]
 16807 | Lair:1   | Lost mutation: You are clumsy. (Dex -2) [potion of
                  | mutation]
 16807 | Lair:1   | Gained mutation: You have a pair of small antennae on your
                  | head. [potion of mutation]
 16807 | Lair:1   | Gained mutation: You are agile. (Dex +4, Str/Int -1)
                  | [potion of mutation]
 18068 | Lair:2   | Found a hole to the Spider Nest.
 18068 | Lair:2   | Noticed a boulder beetle
 18077 | Lair:2   | Killed a boulder beetle
 18103 | Lair:2   | Reached XP level 13. HP: 82/82 MP: 11/26
 18132 | Lair:2   | Offered knowledge of Airstrike by Vehumet.
 18140 | Lair:2   | Learned a level 6 spell: Iron Shot
 18181 | Lair:2   | Reached skill level 10 in Fighting
 18889 | Lair:2   | Found a staircase to the Shoals.
 20246 | Lair:4   | Reached skill level 10 in Spellcasting
 20260 | Lair:3   | Reached skill level 5 in Evocations
 20842 | Lair:5   | Entered Level 5 of the Lair of Beasts
 21006 | Lair:5   | Found a staircase to the Slime Pits.
 21007 | Lair:5   | Found a viscous altar of Jiyva.
 21035 | Lair:5   | Gained mutation: Your large and strong wings let you fly.
                  | [Gargoyle growth]
 21035 | Lair:5   | Reached XP level 14. HP: 80/88 MP: 7/28
 21036 | Lair:5   | Reached skill level 11 in Fighting
 21287 | Lair:5   | Reached skill level 5 in Dodging
 22629 | D:12     | Found Giukk's Demolitions Depot.
 23146 | D:12     | Noticed Maurice
 23151 | D:12     | Killed Maurice
 23152 | D:12     | Found a portal to a secret trove of treasure.
 23760 | D:12     | Found Dayfif's Distillery.
 23780 | D:12     | Bought a potion of haste for 170 gold pieces
 23780 | D:12     | Bought a potion of haste for 170 gold pieces
 25066 | D:13     | Reached skill level 12 in Fighting
 25122 | D:13     | Noticed Azrael
 25129 | D:13     | Killed Azrael
 25684 | D:13     | Noticed Urug
 25688 | D:13     | Killed Urug
 25937 | D:14     | Reached skill level 15 in Conjurations
 25946 | D:14     | Offered knowledge of Iskenderun's Battlesphere by Vehumet.
 25986 | D:13     | Reached XP level 15. HP: 96/96 MP: 5/30
 26105 | D:13     | Learned a level 5 spell: Iskenderun's Battlesphere
 26979 | D:14     | Reached ****** piety under Vehumet
 27487 | D:14     | Found a gate to the Vaults.
 27568 | D:14     | Found a blossoming altar of Fedhas.
 27670 | D:15     | Entered Level 15 of the Dungeon
 27708 | D:15     | Found a staircase to the Depths.
 27708 | D:15     | Noticed a fire giant
 27808 | D:15     | Killed a fire giant
 27982 | D:15     | Found a frozen archway.
 27993 | IceCv    | Entered an ice cave
 28373 | IceCv    | Offered knowledge of Eringya's Noxious Bog by Vehumet.
 28535 | IceCv    | Noticed a frost giant
 28535 | IceCv    | Noticed a frost giant
 28547 | IceCv    | Killed a frost giant
 28703 | IceCv    | Killed a frost giant
 28704 | IceCv    | Reached skill level 13 in Fighting
 29229 | IceCv    | Reached skill level 10 in Fire Magic
 29998 | D:15     | Reached XP level 16. HP: 104/104 MP: 27/32
 30417 | Orc:1    | Entered Level 1 of the Orcish Mines
 30417 | Orc:1    | Noticed Snorg
 30422 | Orc:1    | Killed Snorg
 30522 | Orc:1    | Found Hupnipn's Antique Armour Shop.
 30538 | Orc:1    | Bought a dyed leather armour for 145 gold pieces
 30855 | Orc:2    | Entered Level 2 of the Orcish Mines
 30878 | Orc:2    | Offered knowledge of Lee's Rapid Deconstruction by Vehumet.
 31027 | Orc:2    | Found a staircase to the Elven Halls.
 31028 | Orc:2    | Found Efulopp's Jewellery Shoppe.
 31549 | Orc:2    | Found Vymesas's General Store.
 31554 | Orc:2    | Found Ceawn's General Store.
 31667 | Orc:2    | Bought 3 scrolls of identify for 90 gold pieces
 32057 | Orc:2    | Offered knowledge of Orb of Destruction by Vehumet.
 32428 | Orc:2    | Found Soommif's Antique Armour Shoppe.
 32428 | Orc:2    | Found Ywku's Book Emporium.
 32428 | Orc:2    | Found a one-way gate leading to the halls of Pandemonium.
 32471 | Orc:2    | Bought a kite shield for 121 gold pieces
 32471 | Orc:2    | Bought an ancient robe for 153 gold pieces
 32471 | Orc:2    | Identified the +1 robe of the Tundras {Will+} (You bought
                  | it in a shop on level 2 of the Orcish Mines)
 32641 | Orc:1    | Found Mewek's Assorted Antiques.
 32698 | Orc:1    | Bought a translucent ivory ring for 150 gold pieces
 32698 | Orc:1    | Identified the ring of the Mutiny {Ice Str+3 Int+3} (You
                  | bought it in a shop on level 1 of the Orcish Mines)
 32698 | Orc:1    | Bought a garnet ring for 150 gold pieces
 32706 | Orc:1    | Found Soverch's Book Shop.
 32770 | Orc:1    | Found Yfad's Antique Weapon Emporium.
 32940 | Orc:2    | Bought a scroll of acquirement for 780 gold pieces
 32940 | Orc:2    | Acquired 1277 gold pieces
 32941 | Orc:2    | Acquired 922 gold pieces
 32945 | Orc:2    | Bought a wand of acid (5) for 315 gold pieces
 32949 | Orc:2    | Bought a scroll of magic mapping for 127 gold pieces
 33140 | D:12     | Bought a condenser vane for 520 gold pieces
 33140 | D:12     | Bought a book of Annihilations for 780 gold pieces
 33330 | Spider:1 | Entered Level 1 of the Spider Nest
 34721 | Spider:2 | Reached skill level 14 in Fighting
 35116 | Spider:2 | Reached skill level 5 in Shields
 36153 | Spider:3 | Reached XP level 17. HP: 111/111 MP: 18/33
 37474 | Spider:3 | Offered knowledge of Ozocubu's Refrigeration by Vehumet.
 37885 | Spider:4 | Entered Level 4 of the Spider Nest
 40377 | Spider:4 | Found the +0 mask of the Dragon {Will+ Slay+3 SInv}
 40833 | Spider:4 | Got a gossamer rune of Zot
 41144 | Vaults:1 | Entered Level 1 of the Vaults
 41523 | Vaults:1 | Found Buhoxe's Assorted Antiques.
 41585 | Vaults:1 | Identified the +1 shortbow of Fuikag {antimagic, Str+6
                  | Int+2}
 41738 | Vaults:1 | Reached XP level 18. HP: 116/117 MP: 21/35
 42527 | Vaults:1 | Offered knowledge of Polar Vortex by Vehumet.
 42527 | Vaults:1 | Offered knowledge of Ignition by Vehumet.
 42527 | Vaults:1 | Offered knowledge of Maxwell's Capacitive Coupling by
                  | Vehumet.
 42537 | Vaults:1 | Learned a level 8 spell: Ignition
 43479 | Vaults:2 | Reached skill level 15 in Fighting
 43653 | Vaults:2 | Reached skill level 10 in Shields
 44105 | Vaults:2 | Noticed Mara
 44113 | Vaults:2 | Noticed Draconius's illusion
 44142 | Vaults:2 | Noticed Draconius's illusion
 44313 | Vaults:2 | Killed Mara
 44805 | Vaults:2 | Reached XP level 19. HP: 113/124 MP: 18/36
 45536 | Vaults:2 | Found a staircase to the Crypt.
 45609 | Vaults:2 | Reached skill level 15 in Fire Magic
 48258 | Vaults:3 | Reached skill level 16 in Fighting
 48258 | Vaults:3 | Reached skill level 5 in Armour
 49733 | Vaults:4 | Identified the +1 shortbow of the Feather {elec, rElec rF+}
 49821 | Vaults:4 | Reached XP level 20. HP: 131/131 MP: 18/38
 49903 | Vaults:4 | Found Xovviowell's Jewellery Boutique.
 51367 | Vaults:4 | Noticed Aizul
 51389 | Vaults:4 | Killed Aizul
 52427 | D:12     | You paid a toll of 8 potions of haste to enter a treasure
                  | trove
 52428 | Trove    | Entered a treasure trove
 52437 | Trove    | Identified the staff of conjuration "Roecku" {rF- Int-5
                  | Dex+4 SInv}
 52660 | Vaults:4 | Learned a level 9 spell: Fire Storm
 52710 | Vaults:5 | Entered Level 5 of the Vaults
 52710 | Vaults:5 | Noticed a dread lich
 52712 | Vaults:5 | Reached skill level 15 in Spellcasting
 52718 | Vaults:5 | Killed a dread lich
 53572 | Shoals:1 | Entered Level 1 of the Shoals
 54993 | Shoals:2 | Found Fuycsom's Assorted Antiques.
 55003 | Shoals:2 | Bought a wand of acid (3) for 352 gold pieces
 55025 | Shoals:2 | Reached XP level 21. HP: 138/138 MP: 36/40
 55079 | Shoals:2 | Reached skill level 1 in Summonings
 55895 | Shoals:3 | Reached skill level 17 in Fighting
 56124 | Shoals:3 | Noticed Polyphemus
 56251 | Shoals:3 | Killed Polyphemus
 57964 | Shoals:4 | Entered Level 4 of the Shoals
 58440 | Shoals:4 | Got a barnacled rune of Zot
 58779 | Shoals:4 | Identified the staff of poison "Moibb" {rPois Will+}
 58811 | Shoals:4 | Found a white marble altar of Elyvilon.
 59220 | Shoals:4 | Found Ischat's Distillery.
 59228 | Shoals:4 | Bought a potion of haste for 190 gold pieces
 59228 | Shoals:4 | Bought a potion of brilliance for 76 gold pieces
 59228 | Shoals:4 | Bought a potion of heal wounds for 95 gold pieces
 60083 | Shoals:4 | Identified the staff of conjuration "Adihucae" {rF- Str+7
                  | Int-3 Dex+2}
 60395 | Depths:1 | Entered Level 1 of the Depths
 60401 | Depths:1 | Found a one-way gate to the infinite horrors of the Abyss.
 60533 | Depths:1 | Reached skill level 1 in Ice Magic
 60971 | Depths:1 | Reached skill level 1 in Air Magic
 61090 | Depths:1 | Found an ancient bone altar of Kikubaaqudgha.
 61556 | Depths:1 | Found a gateway to Hell.
 61700 | Depths:1 | Reached XP level 22. HP: 145/145 MP: 33/42
 61847 | Depths:1 | Learned a level 7 spell: Spellforged Servitor
 63248 | Depths:2 | Reached skill level 10 in Evocations
 63259 | Depths:2 | Identified the ring "Igesom" {Ice +Blink Will++ Str+2}
 63259 | Depths:2 | Noticed Josephina
 63271 | Depths:2 | Killed Josephina
 64348 | Depths:3 | Noticed Louise
 64352 | Depths:3 | Killed Louise
 64359 | Depths:3 | Reached skill level 5 in Summonings
 65604 | Depths:3 | Identified the staff of cold "Ihaghut" {rPois rC+ rN++
                  | Will+ Str-3}
 65606 | Depths:3 | Reached skill level 18 in Fighting
 65606 | Depths:3 | Reached skill level 5 in Ice Magic
 65757 | Depths:3 | Found an ornate altar of the Wu Jian Council.
 66024 | Depths:4 | Entered Level 4 of the Depths
 66024 | Depths:4 | Noticed Boris
 66027 | Depths:4 | Killed Boris
 66420 | Depths:4 | Reached skill level 5 in Air Magic
 66582 | Depths:4 | Found a gate to the Realm of Zot.
 66582 | Depths:4 | Noticed a golden dragon
 66582 | Depths:4 | Noticed a golden dragon
 66585 | Depths:4 | Killed a golden dragon
 66585 | Depths:4 | Killed a golden dragon
 66794 | Depths:4 | Reached XP level 23. HP: 134/152 MP: 23/44
 66992 | Depths:4 | Learned a level 8 spell: Maxwell's Capacitive Coupling
 67797 | Depths:4 | Found a bloodstained altar of Trog.
 68064 | Depths:4 | Found a one-way gateway to a ziggurat.
 68321 | Depths:4 | Learned a level 8 spell: Lehudib's Crystal Spear
 68742 | Vaults:5 | Noticed a golden dragon
 68756 | Vaults:5 | Killed a golden dragon
 69197 | Vaults:5 | Reached skill level 19 in Fighting
 69208 | Vaults:5 | Noticed a golden dragon
 69211 | Vaults:5 | Killed a golden dragon
 69497 | Vaults:5 | Got a silver rune of Zot
 69604 | Vaults:5 | Identified the +8 lajatang of Taxation {heavy, rPois rC-
                  | Str+2 Int+2}
 69623 | Vaults:5 | Identified the +6 mace of Laceration {distort, rN+++ Will+
                  | Str-5 Int-4}
 69638 | Vaults:5 | Identified the +1 scimitar of an ice cave {vamp, rC- Will+
                  | Dex+5}
 69769 | Vaults:5 | Noticed a golden dragon
 69771 | Vaults:5 | Identified the +4 halberd of Cesoz {pain, rF++ Int+3}
 69772 | Vaults:5 | Killed a golden dragon
 69864 | Vaults:5 | Identified the ring "Bezuluga" {Fly rF- rC+ Str+3}
 70254 | Vaults:5 | Identified the +7 flail of Intuition {heavy, rC+ Dex+3}
 70279 | Vaults:5 | Identified the ring of Teafrus {Will++ rCorr Int+3}
 70479 | Vaults:5 | Found Ungo Wil's Magic Scroll Emporium.
 70482 | Vaults:5 | Bought a scroll of blinking for 142 gold pieces
 70482 | Vaults:5 | Bought a scroll of blinking for 142 gold pieces
 70599 | Vaults:5 | Found the +10 tower shield of Ignorance {rN+ Int-4}
 70740 | Vaults:5 | Reached XP level 24. HP: 158/160 MP: 24/45
 71040 | Vaults:5 | Learned a level 3 spell: Swiftness
 71334 | Zig:1    | Entered Level 1 of a ziggurat
 71360 | Zig:2    | Entered Level 2 of a ziggurat
 71383 | Zig:3    | Entered Level 3 of a ziggurat
 71395 | Zig:3    | Identified the staff of air "Nireivei" {rElec rC- Str+5}
 71455 | Zig:4    | Entered Level 4 of a ziggurat
 71458 | Zig:4    | Found the sphere of Battle
 71470 | Zig:4    | Identified the +3 broad axe of Zixtolid {flame, rElec rF++
                  | rCorr Str-5}
 71490 | Zig:5    | Entered Level 5 of a ziggurat
 71525 | Zig:6    | Entered Level 6 of a ziggurat
 71568 | Zig:7    | Entered Level 7 of a ziggurat
 71645 | Zig:7    | Identified the +8 falchion of Iconoclasm {flame, rElec}
 71665 | Zig:8    | Entered Level 8 of a ziggurat
 71721 | Zig:8    | Got the Exposition on the Creeping Iceberg
 71722 | Zig:8    | Identified the staff of fire "Mola" {rF+ rC+ rN+ Will+
                  | Str-5}
 71725 | Zig:8    | Identified the staff of conjuration "Laol" {Drain rElec
                  | Str+3 Dex+2}
 71739 | Zig:9    | Entered Level 9 of a ziggurat
 71875 | Zig:10   | Entered Level 10 of a ziggurat
 71881 | Zig:10   | Noticed a juggernaut
 71882 | Zig:10   | Noticed a juggernaut
 71883 | Zig:10   | Noticed a juggernaut
 71886 | Zig:10   | Killed a juggernaut
 71887 | Zig:10   | Reached skill level 10 in Air Magic
 71887 | Zig:10   | Killed a juggernaut
 71887 | Zig:10   | Killed a juggernaut
 71988 | Zig:10   | Identified the +1 quarterstaff "Omelette" {freeze, rCorr
                  | Str+3 Int+3 Stlth+}
 71990 | Zig:10   | Got Qogunec's Folio of Cold
 71999 | Zig:10   | Identified the +3 scale mail "Juweutel" {Int+2}
 72016 | Zig:11   | Entered Level 11 of a ziggurat
 72045 | Zig:11   | Identified the staff of poison "Casoad" {rElec rPois rF-
                  | Will+++ Stlth+}
 72047 | Zig:11   | Reached skill level 10 in Ice Magic
 72047 | Zig:11   | Reached XP level 25. HP: 167/167 MP: 45/46
 72091 | Zig:12   | Entered Level 12 of a ziggurat
 72222 | Zig:12   | Reached XP level 26. HP: 173/173 MP: 46/46
 72227 | Zig:12   | Reached skill level 20 in Fighting
 72227 | Zig:12   | Reached XP level 27. HP: 179/179 MP: 46/46
 72229 | Zig:12   | Identified the +4 hand axe "Tuuwke" {flame, Fragile rElec
                  | rC+++ Str-5}
 72264 | Zig:13   | Entered Level 13 of a ziggurat
 72303 | Zig:13   | Identified the +8 scale mail "Uxiysof" {rPois rCorr Int-2
                  | SInv}
 72324 | Zig:14   | Entered Level 14 of a ziggurat
 72342 | Zig:14   | Noticed a dread lich
 72344 | Zig:14   | Noticed an ancient lich
 72345 | Zig:14   | Killed a dread lich
 72346 | Zig:14   | Killed an ancient lich
 72420 | Zig:14   | Identified the +7 dagger of an ice cave {speed, Will- rCorr
                  | Int+3}
 72428 | Zig:14   | Reached skill level 15 in Shields
 72476 | Zig:15   | Entered Level 15 of a ziggurat
 72488 | Zig:15   | Noticed a royal mummy
 72490 | Zig:15   | Noticed a royal mummy
 72491 | Zig:15   | Noticed a royal mummy
 72492 | Zig:15   | Noticed a royal mummy
 72493 | Zig:15   | Killed a royal mummy
 72494 | Zig:15   | Killed a royal mummy
 72495 | Zig:15   | Noticed a royal mummy
 72495 | Zig:15   | Noticed a royal mummy
 72497 | Zig:15   | Killed a royal mummy
 72497 | Zig:15   | Killed a royal mummy
 72499 | Zig:15   | Killed a royal mummy
 72499 | Zig:15   | Killed a royal mummy
 72499 | Zig:15   | Noticed a royal mummy
 72509 | Zig:15   | Killed a royal mummy
 72704 | Zig:15   | Found the +9 staff of Olgreb {rPois∞}
 72719 | Zig:15   | Identified the +6 mace of Ravage {speed, rElec Str+4}
 72732 | Zig:15   | Got Xeimugh's Opusculum on Venomous Last Rites
 72733 | Zig:15   | Identified the staff of air "Xeste" {rElec rF- Will+ Int+2}
 72783 | Zig:16   | Entered Level 16 of a ziggurat
 72802 | Zig:16   | Noticed an orb of fire
 72805 | Zig:16   | Noticed an orb of fire
 72806 | Zig:16   | Noticed an orb of fire
 72811 | Zig:16   | Killed an orb of fire
 72813 | Zig:16   | Killed an orb of fire
 72828 | Zig:16   | Killed an orb of fire
 73127 | Zig:16   | Identified the +8 scale mail of the Learner {-Tele rN+
                  | Int+3}
 73132 | Zig:16   | Identified the ring of Vifaef {+Blink Str-2 SInv Stlth+}
 73175 | Zig:17   | Entered Level 17 of a ziggurat
 73189 | Zig:17   | Noticed a royal mummy
 73193 | Zig:17   | Killed a royal mummy
 73196 | Zig:17   | Noticed a royal mummy
 73205 | Zig:17   | Reached skill level 10 in Earth Magic
 73205 | Zig:17   | Killed a royal mummy
 73206 | Zig:17   | Noticed a royal mummy
 73210 | Zig:17   | Killed a royal mummy
 73493 | Zig:17   | Identified the ring "Ucvifoth" {Fly rN+}
 73495 | Zig:17   | Identified the +9 sling "Uphybb" {freeze, Will- Int+3}
 73496 | Zig:17   | Identified the staff of air "Iptuiwk" {*Slow rElec Will+
                  | Str+4}
 73502 | Zig:17   | Identified the +5 shortbow of Lyehaopa {flame, rF+}
 73504 | Zig:17   | Identified the ring of Yredelemnul's Delight {Fire rPois
                  | Str-5 Int-2 Slay+5}
 73505 | Zig:17   | Identified the +7 great sword of Delightful Innocence
                  | {flame, Str-5 Int+4 Stlth+}
 73599 | Zot:1    | Entered Level 1 of the Realm of Zot
 73941 | Zot:1    | Found a transporter.
 73943 | Zot:1    | Found a transporter.
 73944 | Zot:1    | Found a transporter.
 73951 | Zot:1    | Found a transporter.
 74014 | Zot:1    | Found a transporter.
 74237 | Zot:1    | Found a transporter.
 74699 | Zot:1    | Noticed an ancient lich
 74844 | Zot:1    | Killed an ancient lich
 75057 | Zot:1    | Reached skill level 15 in Evocations
 75126 | Zot:1    | Learned a level 9 spell: Shatter
 75130 | Zot:1    | Identified the +1 fire dragon scales of the Destroying Gods
                  | {-Tele rElec rPois rF++ rC- Str+2}
 75274 | Zot:1    | Identified the ring "Naf Qecw" {rPois Str+3}
 75300 | Zot:1    | Identified the +3 mace of Equilibrium {flame, rElec rF+++
                  | Will- SInv}
 75306 | Zot:1    | Identified the ring "Niliwk" {rF+ EV+5 Int+2}
 75433 | Zot:2    | Reached skill level 15 in Earth Magic
 75631 | Zot:2    | Reached skill level 21 in Fighting
 79486 | Zot:5    | Entered Level 5 of the Realm of Zot
 79658 | Zot:5    | Identified the +3 leather armour of Lethargy {Dex+2}
 80125 | Zot:5    | Noticed an orb of fire
 80132 | Zot:5    | Killed an orb of fire
 80133 | Zot:5    | Reached skill level 22 in Fighting
 80133 | Zot:5    | Noticed an orb of fire
 80135 | Zot:5    | Noticed an orb of fire
 80142 | Zot:5    | Killed an orb of fire
 80142 | Zot:5    | Killed an orb of fire
 80176 | Zot:5    | Noticed a dread lich
 80181 | Zot:5    | Killed a dread lich
 80535 | Zot:5    | Noticed an ancient lich
 80539 | Zot:5    | Killed an ancient lich
 80574 | Zot:5    | Noticed an orb of fire
 80580 | Zot:5    | Killed an orb of fire
 80587 | Zot:5    | Noticed an orb of fire
 80591 | Zot:5    | Gained mutation: You are vulnerable to cold. (rC-) [an orb
                  | of fire]
 80601 | Zot:5    | Killed an orb of fire
 80601 | Zot:5    | Noticed an orb of fire
 80602 | Zot:5    | Reached skill level 23 in Fighting
 80608 | Zot:5    | Killed an orb of fire
 80609 | Zot:5    | Noticed an orb of fire
 80615 | Zot:5    | Killed an orb of fire
 80956 | Zot:5    | Noticed an orb of fire
 80965 | Zot:5    | Gained mutation: You are partially covered in large bone
                  | plates. (SH +4) [an orb of fire]
 80965 | Zot:5    | Killed an orb of fire
 81326 | Zot:5    | Identified the +1 lajatang of the Omega Point {heavy, rN++
                  | Int+3}
 81515 | Zot:5    | Got the Orb of Zot
 81566 | Zot:5    | Noticed Leptatze the pandemonium lord
 81634 | Zot:4    | Noticed Osuoph the pandemonium lord
 82095 | D:3      | Noticed Meumna the pandemonium lord
 82164 | D:$      | Escaped with the Orb!

Illustrated notes

Levels and vault maps discovered:
D:1:      dpeg_arrival_line_fractal, layout_basic
D:2:      layout_rooms, hellmonk_ecumenical_altar_lost_god, hex_tiny,
          hex_medium, kennysheep_jessica_study, uniq_jessica
D:3:      layout_basic, nicolae_qazlal_general_emergency,
          mainiacjoe_overflow_alcove_2, serial_rivers,
          chequers_serial_rivers_small_3, chequers_serial_rivers_large_b,
          chequers_serial_rivers_micro_d, chequers_serial_rivers_micro_a,
          chequers_serial_rivers_small_3, chequers_serial_rivers_room_b,
          small_statue_intersection, minmay_gold_behind_fungi,
          kennysheep_another_room
D:4:      layout_rooms, minmay_temple_entry_junction, serial_co_window_serial,
          co_window_paths_a, co_window_corner_a, co_window_of_opportunity_a,
          co_window_corner_a, co_window_paths_b, co_window_corner_a,
          co_window_corner_a, co_window_of_opportunity_a, co_window_paths_b,
          co_window_2corner, co_window_broadway_c, co_window_broadway_a,
          co_window_cross_2, co_window_of_opportunity_b, glass_columns_b,
          glass_columns_c, glass_columns_a, glass_columns_c, glass_columns_b,
          uniq_eustachio
D:5:      layout_cave_pools, mainiacjoe_overflow_24_doors, marbit_many_paths
D:6:      layout_basic, gup_sewer_entry_glass, chequers_arboretum,
          kennysheep_generic_room_3
D:7:      layout_loops_ring, enter_bailey_5
D:8:      layout_basic, mainiacjoe_overflow_concentric_impassable, uniq_erica
D:9:      layout_stronghold, lemuel_round_altar, hangedman_minor_gate_pass
D:10:     layout_irregular_city, zombieorc1_lemuel, serial_park_tiny_pond,
          hangedman_feature_mirror, minivault_12, uniq_grum
D:11:     cheibrodos_grave_circle, layout_loops_ring,
          due_lair_maze_entry_diamond, hangedman_glass_teeth
D:12:     layout_stronghold, serial_shops, shop, enter_trove_0, minivault_27,
          nicolae_blasting_shop, uniq_maurice
D:13:     layout_basic, uniq_azrael, uniq_urug
D:14:     layout_basic, hangedman_vaults_entry_quadrant_bands, fedhas_altar_3,
          minmay_unpleasant_kobolds
D:15:     grunt_enter_depths_giant_problem, layout_grid_maze,
          portal_ice_cave_entry_pillars_2, ebering_dispersal_statue_hall
Temple:   minmay_temple_bridge_d
Lair:1:   layout_layer_cave, gauntlet_entry_generic, grunt_megastairs_5
Lair:2:   layout_chaotic_city, elwin_shoals_entry_stream,
          nicolae_spider_entry_non_spiders, beast_lair_carwin_8,
          grunt_megastairs_3, serial_bayou_shore_b, infiniplex_staircase_pool_2
Lair:3:   layout_roguey, serial_bayou_shore_a
Lair:4:   layout_big_grid
Lair:5:   hangedman_lair_tendril_chambers, layout_regular_city, slime_entry_1
Shoals:1: cheibrodos_shoals_baths, layout_shoals
Shoals:2: layout_shoals, serial_shops, shop
Shoals:3: layout_shoals, nicolae_shoals_isolated_beach, uniq_polyphemus
Shoals:4: shoals_end_grunt_ice, layout_shoals, serial_shops,
          nicolae_shop_peninsula, lemuel_altar_in_water
Spider:1: layout_spider_delve
Spider:2: layout_spider_delve
Spider:3: layout_cave_pods
Spider:4: guppyfry_spider_rune, drop_trap, hellmonk_test_site
Orc:1:    layout_diamond_mine, serial_shops, shop_fountains,
          nicolae_shop_waterfront, shop, nicolae_shop_statue_plus,
          mines4_lemuel, uniq_snorg
Orc:2:    pf_orc_diabolical, layout_caves, serial_shops, shop
Vaults:1: nicolae_vaults_trapezoid_3, hangedman_vaults_locks,
          hangedman_vaults_unwind, v_alt_pattern_3,
          nicolae_vaults_ellipses_ellipsis, vaults_room_grid,
          hangedman_vaults_slice, nicolae_vaults_little_squares_6,
          nicolae_vaults_trapezoid_layered, v_pattern_3, layout_vaults_ring,
          serial_shops, shop
Vaults:2: vaults_room_grunt_arrival_checkpoint, nicolae_vaults_trapezoid_2,
          minmay_crypt_entry_simple_box, hangedman_vaults_maws, v_misc_30,
          hangedman_vaults_trim, nicolae_vaults_wrenched, ontoclasm_vaults_spin,
          hangedman_vaults_impose, vaults_mumra_lcd, nicolae_vaults_house_2,
          layout_vaults_big_room, uniq_mara
Vaults:3: nicolae_vaults_diagonal_hallway_7, grunt_vaults_twisty,
          nicolae_vaults_diagonal_hallway_6, vaults_mumra_minichess_inversion,
          nicolae_vaults_little_squares_6, nicolae_vaults_diagonal_hallway_9,
          vaults_standard_mumra_lines, v_misc_3, hangedman_vaults_restitches,
          vaults_room_fancy_cross, ontoclasm_vaults_ring_square,
          layout_vaults_omnicross
Vaults:4: vaults_room_semicircle, vaults_mumra_chevron,
          nicolae_vaults_shipping_containers_2, nicolae_vaults_house_1,
          nicolae_vaults_little_squares_5, ontoclasm_vaults_claustrophobia,
          v_misc_3, v_misc_2, nicolae_vaults_surprise_closet,
          nicolae_vaults_little_squares_2, grunt_vaults_hallway_short,
          ontoclasm_vaults_fault, nicolae_vaults_tetromino_Z_1,
          nicolae_vaults_windows_and_doors_thing,
          nicolae_vaults_surprise_closet, layout_vaults_omnigrid, serial_shops,
          nicolae_shop_just_a_little_nook, uniq_aizul
Vaults:5: serial_shops
Depths:1: layout_honeycomb, pf_vacation_house_of_asmodeus,
          minmay_misc_feat_enclosed, abyss_entry, kiku_gazebo_pond_becter
Depths:2: nicolae_cairo_tiling, layout_cave_pools, kennysheep_decorative_pillar,
          grunt_pan_entry_sceptre, hell_entry, uniq_josephina
Depths:3: hangedman_elemental_death_ray, layout_cave_shapes, hell_entry,
          nicolae_wu_jian_wuxing_cycle, nicolae_abyss_entry_one_way_or_another,
          grunt_megastairs_4
Depths:4: grunt_zot_entry_funnels, layout_gridville, enter_ziggurat_b,
          bloody_trog, hellmouth_1, pan_entry, uniq_boris
Zot:1:    gammafunk_dig_for_victory, layout_cathedral_of_symmetry,
          nicolae_diode_quadrants
Zot:2:    layout_basic, lemuel_elevator
Zot:3:    kennysheep_ambush_hall, layout_gridlike, grunt_megastairs_1
Zot:4:    layout_onion_interference
Zot:5:    layout_cathedral_of_symmetry, st_stairs_4

Skill      XL: |  1  2  3  4  5  6  7  8  9 10 11 12 13 14 15 16 17 18 19 20 21 22 23 24 25 26 27 |
---------------+----------------------------------------------------------------------------------+-----
Conjurations   | 5 6 7 8 10 11 12 13 14 15 16 17 18 20 | 20.0
Fighting       | 1 2 3 4 6 7 8 9 10 12 13 14 15 16 17 18 19 20 23 | 23.7
Hexes          | 1 2 3 4 |  4.0
Translocations | 2 3 4 |  4.0
Spellcasting   | 3 4 5 6 8 9 10 11 12 13 14 15 16 17 18 19 22 | 22.1
Armour         | 2 4 5 7 8 |  8.0
Dodging        | 2 4 5 |  5.0
Fire Magic     | 4 6 7 10 12 13 14 16 17 18 19 21 | 21.0
Evocations     | 3 5 6 7 9 10 11 15 | 15.0
Shields        | 2 4 5 8 10 11 12 15 | 15.0
Earth Magic    | 3 5 6 8 22 | 22.0
Summonings     | 4 5 |  5.0
Ice Magic      | 2 7 10 11 | 11.5
Air Magic      | 1 5 9 10 11 12 | 12.0
Stealth        | |  2.1

Action                     |  1- 3 |  4- 6 |  7- 9 | 10-12 | 13-15 | 16-18 | 19-21 | 22-24 | 25-27 || total
---------------------------+-------+-------+-------+-------+-------+-------+-------+-------+-------++-------
  Melee: Short sword       |     8 |       |       |       |       |       |       |       |       ||     8
         Halberd           |     3 |     9 |   108 |   121 |       |       |       |       |       ||   241
         Rapier            |       |       |       |    13 |   107 |    78 |     5 |       |       ||   203
         Punch             |       |       |       |       |     2 |       |       |       |       ||     2
         Staff             |       |       |       |       |       |       |    11 |     7 |     6 ||    24
  Throw: Dart              |       |       |       |     6 |       |     2 |       |     4 |       ||    12
         Throwing net      |       |       |       |     1 |       |       |       |       |       ||     1
   Cast: Magic Dart        |    43 |    69 |   145 |   111 |    56 |   570 |   266 |     6 |       ||  1266
         Searing Ray       |     4 |     7 |    37 |     9 |       |       |       |       |       ||    57
         Iskenderun's Myst |       |       |    12 |    99 |   147 |   261 |   186 |    45 |    41 ||   791
         Fulminant Prism   |       |       |     4 |     9 |    13 |    15 |       |       |       ||    41
         Fireball          |       |       |       |    40 |   109 |    12 |   244 |   130 |    35 ||   570
         Starburst         |       |       |       |    38 |    49 |    32 |    34 |       |       ||   153
         Mephitic Cloud    |       |       |       |     4 |     8 |     3 |       |     1 |       ||    16
         Iron Shot         |       |       |       |       |    48 |    50 |    17 |    29 |       ||   144
         Iskenderun's Batt |       |       |       |       |    28 |   127 |   116 |     8 |       ||   279
         Ignition          |       |       |       |       |       |     1 |    31 |    28 |       ||    60
         Fire Storm        |       |       |       |       |       |       |     6 |    74 |   162 ||   242
         Spellforged Servi |       |       |       |       |       |       |       |    54 |    35 ||    89
         Lehudib's Crystal |       |       |       |       |       |       |       |     6 |    22 ||    28
         Maxwell's Capacit |       |       |       |       |       |       |       |       |    11 ||    11
         Shatter           |       |       |       |       |       |       |       |       |     6 ||     6
         Swiftness         |       |       |       |       |       |       |       |       |     1 ||     1
  Evoke: Wand              |       |       |       |     5 |    16 |    12 |     6 |     4 |     1 ||    44
         Phantom mirror    |       |       |       |     1 |     1 |     1 |     1 |     1 |       ||     5
         Lightning rod     |       |       |       |     4 |    19 |    16 |     4 |     4 |       ||    47
         Box of beasts     |       |       |       |       |     1 |     2 |     1 |     2 |       ||     6
         Condenser vane    |       |       |       |       |       |     2 |     1 |       |       ||     3
    Use: Potion            |       |     1 |     7 |     3 |     1 |     3 |     1 |     6 |    30 ||    52
         Scroll            |       |       |    12 |     7 |    10 |     9 |     3 |     7 |    11 ||    59
   Stab: Sleeping          |       |       |       |     1 |       |       |       |       |       ||     1
 Armour: Robe              |     4 |     8 |   107 |       |       |       |       |    22 |    76 ||   217
         Leather armour    |       |       |    15 |   139 |       |   238 |    94 |    17 |       ||   503
         Troll leather arm |       |       |       |    52 |   108 |     3 |       |       |       ||   163
  Dodge: Dodged            |     9 |     6 |   120 |   169 |   145 |   167 |    91 |    51 |    63 ||   821
  Block: Other             |       |       |       |     4 |    54 |    13 |       |       |       ||    71
         Reflection        |       |       |       |     2 |     5 |    17 |    17 |     6 |       ||    47
         Kite shield       |       |       |       |       |       |   272 |    20 |       |       ||   292
         Buckler           |       |       |       |       |       |       |    85 |    45 |     8 ||   138
         Orb               |       |       |       |       |       |       |       |       |    21 ||    21
